 Dungeon Crawl Stone Soup version 0.27.1-1-g398f81649c (webtiles) character file.

Game seed: 2875446774926558371

648 sombersunday the Covered (level 7, -10/60 HPs)
             Began as a Minotaur Fighter on Sept 9, 2021.
             Mangled by a two-headed ogre (12 damage)
             ... on level 5 of the Dungeon.
             The game lasted 00:27:04 (4195 turns).

sombersunday the Covered (Minotaur Fighter)         Turns: 4195, Time: 00:27:04

Health: -10/60     AC: 10    Str: 23    XL:     7   Next: 27%
Magic:  6/6        EV:  8    Int:  5    God:
Gold:   453        SH:  9    Dex:  9    Spells: 6/6 levels left

rFire    . . .     SeeInvis .   a - +1 war axe (elec)
rCold    . . .     Faith    .   c - +0 kite shield
rNeg     . . .     Spirit   .   b - +0 scale mail
rPois    .         Reflect  .   (helmet restricted)
rElec    .         Harm     .   p - +2 cloak {Will+}
rCorr    .         Rampage  .   (no gloves)
Will     +....                  (no boots)
Stlth    ..........             (no amulet)
HPRegen  0.20/turn              (no ring)
MPRegen  0.10/turn              (no ring)

@: no status effects
A: horns 2, retaliatory headbutt
a: no special abilities


You were on level 5 of the Dungeon.
You visited 1 branch of the dungeon, and saw 5 of its levels.
You also visited: Ossuary.

You collected 453 gold pieces.

Inventory:

Hand Weapons
 a - a +1 war axe of electrocution (weapon)
 o - a +3 quarterstaff of chaos
Missiles
 e - a boomerang (quivered)
 g - 8 javelins
 m - a throwing net
 y - 7 poisoned darts
Armour
 b - a +0 scale mail (worn)
 c - a +0 kite shield (worn)
 i - a +0 ring mail
 p - a +2 cloak of willpower (worn)
Magical Staves
 A - a staff of poison
Jewellery
 u - a ring of protection from cold
 B - a +4 ring of slaying
Wands
 s - a wand of charming (11)
Scrolls
 h - a scroll of teleportation
 k - a scroll of magic mapping
 n - a scroll of noise
 t - a scroll of enchant armour
 w - a scroll of brand weapon
Potions
 d - 2 potions of might
 f - a potion of heal wounds
 j - 2 potions of invisibility
 r - 4 potions of curing
 z - a potion of haste


   Skills:
 + Level 4.4 Fighting
 * Level 6.1 Axes
 + Level 2.9 Throwing
 * Level 6.2 Armour
 + Level 1.1 Dodging
 + Level 0.3 Stealth
 + Level 4.4 Shields


You had 6 spell levels left.
You didn't know any spells.
Your spell library contained the following spells:

 Spells                   Type           Power      Damage    Failure   Level
 Animate Skeleton         Necr           0%         N/A       99%         1
 Apportation              Tloc           0%         N/A       99%         1
 Beastly Appendage        Tmut           0%         N/A       99%         1
 Corona                   Hex            0%         N/A       99%         1
 Pain                     Necr           0%         1d4       99%         1
 Summon Small Mammal      Summ           0%         N/A       99%         1
 Passwall                 Tmut/Erth      0%         N/A       100%        2
 Wereblood                Tmut           0%         N/A       100%        2
 Spider Form              Tmut/Pois      0%         N/A       100%        3
 Swiftness                Air            0%         N/A       100%        3
 Vampiric Draining        Necr           0%         2d6       100%        3
 Invisibility             Hex            0%         N/A       100%        6


Dungeon Overview and Level Annotations

Branches:
Dungeon (5/15)            Ossuary (visited)
 Temple: D:4-7

Altars:
Fedhas
Gozag
Nemelex Xobeh
Ru
Sif Muna
Yredelemnul
The Shining One


Innate Abilities, Weirdness & Mutations

You have a pair of horns on your head.
You reflexively headbutt those who attack you in melee.


Message History

The bullfrog skeleton hits you but does no damage.
You block the bullfrog skeleton's attack.
You slash the bullfrog skeleton!
Lightning courses through the bullfrog skeleton!
You destroy the bullfrog skeleton!
Your Axes skill increases to level 6!
Found a stone staircase leading down.
There is a stone staircase leading down here.
There is a stone staircase leading down here.
Found 11 gold pieces. 2 gnolls and a gnoll sergeant come into view.
The gnoll sergeant shouts!
The gnoll shouts! x2
A gnoll comes into view. It is wielding a +0 spear.
A gnoll comes into view. It is wielding a +0 whip.
The gnoll moves out of view.
The gnoll shouts!
You hear a shout!
There is an open door here.
There is a stone staircase leading up here.
Throw: boomerang
Press: ? - help, Q - select action, (/) - cycle Shift-Dir - straight line, f - gnoll sergeant
Aim: a gnoll sergeant, wielding a +0 spear, wearing a +0 scale mail and wearing a +0 kite shield (69% to hit)
You throw a boomerang.
The boomerang closely misses the gnoll sergeant.
The boomerang hits the gnoll.
The gnoll is moderately wounded.
You can't go down here!
The gnoll sergeant hits you from afar with a +0 spear.
You climb upwards.
There is a stone staircase leading down here.
HP restored.
There is a stone staircase leading down here.
You climb downwards.
The two-headed ogre shouts in stereo!
The two-headed ogre hits you with a +0 giant spiked club!!
The two-headed ogre hits you with a +0 giant spiked club!
There is a stone staircase leading up, spattered with blood here.
The two-headed ogre hits you with a +0 giant spiked club!!
* * * LOW HITPOINT WARNING * * *
The two-headed ogre hits you with a +0 giant spiked club!
You die...

#.# #$#
... #.#
### #
#.. #@#
#.#.#
#O#
..#.#.#
..#
......#
####
.g..#.#
.g. #g#
.. #.#
. #.#
#.#


You could see a two-headed ogre.

Vanquished Creatures
  Grinder (D:4)
  A scorpion (D:2)
  Crazy Yiuf (D:2)
  A bullfrog skeleton (D:5)
  3 iguanas (D:4)
  Jessica (D:2)
  An orc wizard (D:4)
  8 mummies (Ossuary)
  4 adders
  An adder skeleton (D:4)
  A worm (D:2)
  2 dart slugs
  4 orcs (D:4)
  2 bats (D:1)
  5 endoplasms
  5 goblins
  4 hobgoblins
  2 jackals (D:2)
  3 quokkas
  5 ball pythons
  2 frilled lizards
  3 hobgoblin zombies (Ossuary)
  6 kobolds
  A kobold zombie (Ossuary)
  4 orc zombies (Ossuary)
  2 rats
73 creatures vanquished.

Vanquished Creatures (others)
  4 fungi (D:2)
  2 plants (D:2)
6 creatures vanquished.

Grand Total: 79 creatures vanquished

Notes
Turn   | Place    | Note
-------+----------+-------------------------------------------
     0 | D:1      | sombersunday the Minotaur Fighter began the quest for the
                  | Orb.
     0 | D:1      | Reached XP level 1. HP: 19/19 MP: 0/0
   393 | D:1      | Reached XP level 2. HP: 27/27 MP: 1/1
   993 | D:2      | Reached XP level 3. HP: 25/33 MP: 2/2
  1071 | D:2      | Found a faded altar of an unknown god.
  1222 | D:2      | Noticed Jessica
  1226 | D:2      | Killed Jessica
  1243 | D:2      | Reached XP level 4. HP: 40/40 MP: 3/3
  1259 | D:2      | Noticed a scorpion
  1265 | D:2      | Killed a scorpion
  1266 | D:2      | Reached skill level 1 in Throwing
  1266 | D:2      | Reached skill level 5 in Armour
  1492 | D:2      | Found a basalt altar of Yredelemnul.
  1545 | D:2      | Found a runed translucent door.
  1546 | D:2      | Noticed Crazy Yiuf
  1551 | D:2      | Killed Crazy Yiuf
  1552 | D:2      | Reached skill level 1 in Dodging
  1552 | D:2      | Reached XP level 5. HP: 19/46 MP: 4/4
  2169 | D:3      | Found a glowing golden altar of the Shining One.
  2603 | D:4      | Found a shimmering blue altar of Sif Muna.
  2603 | D:4      | Found a faded altar of an unknown god.
  2611 | D:4      | Found a sparkling altar of Nemelex Xobeh.
  2634 | D:4      | Found a sacrificial altar of Ru.
  2636 | D:4      | Found an opulent altar of Gozag.
  2890 | D:4      | Noticed Grinder
  2900 | D:4      | Paralysed by Grinder for 7 turns
  2909 | D:4      | Killed Grinder
  2910 | D:4      | Reached skill level 5 in Axes
  2910 | D:4      | Reached XP level 6. HP: 40/52 MP: 5/5
  3091 | D:4      | Found a sand-covered staircase.
  3100 | Ossuary  | Entered an ossuary
  3159 | Ossuary  | Reached XP level 7. HP: 58/60 MP: 6/6
  3551 | D:4      | Found a blossoming altar of Fedhas.
  4045 | D:5      | Entered Level 5 of the Dungeon
  4194 | D:5      | Noticed a two-headed ogre
  4195 | D:5      | HP: 2/60 [two-headed ogre (22)]
  4195 | D:5      | Mangled by a two-headed ogre

Illustrated notes

Levels and vault maps discovered:
D:1:      dpeg_arrival_houses_and_road, layout_loops_ring
D:2:      layout_basic, dreamdust_ecumenical_altar_grove, basic_altar,
          minmay_splitting_lines, uniq_jessica, uniq_crazy_yiuf_cottage
D:3:      layout_rooms, mainiacjoe_overflow_24_doors, dk_noncrumbling_3
D:4:      layout_cave_pods, nicolae_overflow_crystal_walls,
          chequers_temple_overflow_minitemple, nicolae_ossuary_entry_ruins,
          uniq_grinder
D:5:      layout_basic, okawaru_ov_weapons_minmay, uniq_blork_the_orc,
          uniq_sigmund

Skill      XL: |  1  2  3  4  5  6  7 |
---------------+----------------------+-----
Armour         | 4 5 6 |  6.2
Fighting       | 4 |  4.4
Axes           | 3 5 6 |  6.1
Throwing       | 1 2 |  2.9
Shields        | 4 |  4.4
Dodging        | 1 |  1.1
Stealth        | |  0.3

Action                   |  1- 3 |  4- 6 |  7- 9 || total
-------------------------+-------+-------+-------++-------
Melee: War axe           |    54 |    55 |    18 ||   127
       Headbutt          |     6 |     8 |     6 ||    20
Throw: Javelin           |    15 |       |       ||    15
       Boomerang         |    16 |    37 |    34 ||    87
  Use: Scroll            |       |     6 |     7 ||    13
       Potion            |       |     3 |     2 ||     5
Armor: Scale mail        |    31 |    24 |     2 ||    57
Dodge: Dodged            |    14 |    10 |     5 ||    29
Block: Kite shield       |    29 |    20 |     4 ||    53
